 Dungeon Crawl Stone Soup version 0.23.0-3-gf3c87f2 (webtiles) character file.

Game seed: 14345393571629431237

18389 vishdafish the Thaumaturge (level 12, -3/141 HPs)
             Began as a Gnoll Skald on Feb 22, 2019.
             Was a High Priest of Okawaru.
             Slain by an alligator skeleton (6 damage)
             ... in a volcano.
             The game lasted 00:39:03 (15679 turns).

vishdafish the Thaumaturge (Gnoll Skald)           Turns: 15679, Time: 00:39:03

Health: -3/141     AC:  8    Str: 19    XL:     12   Next: 58%
Magic:  18/24      EV: 18    Int: 20    God:    Okawaru [*****.]
Gold:   746        SH:  0    Dex: 15    Spells: 17/28 levels left

rFire    + + .     SeeInvis .   L - +4 scythe (venom)
rCold    x . .     Gourm    .   (shield currently unavailable)
rNeg     + . .     Faith    .   O - +2 robe {rN+}
rPois    .         Spirit   .   x - +1 hat
rElec    .         Reflect  .   t - +0 cloak
rCorr    .         Harm     .   (no gloves)
MR       .....                  X - +0 pair of boots
Stlth    ..........             U - amulet of rage
HPRegen  0.33/turn              N - ring of protection from fire
MPRegen  0.19/turn              Z - ring of fire

@: mighty, berserking (expiring), very quick
A: distributed training, fangs 1, strong nose
a: Heroism, Finesse, Renounce Religion, Evoke Berserk Rage


You were in a volcano.
You worshipped Okawaru.
Okawaru was extremely pleased with you.
You were not hungry.

You visited 3 branches of the dungeon, and saw 14 of its levels.
You also visited: Ossuary and Volcano.

You collected 886 gold pieces.
You spent 140 gold pieces at shops.

Inventory:

Hand Weapons
 l - a +2 war axe of chopping
 o - a +2 trident of piercing
 L - a +4 scythe of venom (weapon)
Missiles
 a - 2 poisoned javelins (quivered)
 w - 2 steel tomahawks
 P - 273 arrows
 Q - 5 throwing nets
 W - 5 javelins of returning
Armour
 b - a +0 leather armour
 t - a +0 cloak (worn)
 x - a +1 hat (worn)
 O - a +2 robe of positive energy (worn)
 X - a +0 pair of boots (worn)
Jewellery
 u - an uncursed ring of poison resistance
 B - a +4 ring of evasion
 C - an uncursed ring of fire
 K - an uncursed ring of protection from cold
 N - a ring of protection from fire (left hand)
 U - an amulet of rage (around neck)
 Z - a ring of fire (right hand)
Wands
 n - a wand of iceblast (1)
 E - a wand of random effects (16)
 F - a wand of polymorph (13)
 I - a wand of enslavement (15)
 S - a wand of paralysis (1)
Scrolls
 c - a scroll of enchant armour
 g - 3 scrolls of enchant weapon
 i - 2 scrolls of vulnerability
 k - 4 scrolls of fear
 m - 2 scrolls of magic mapping
 v - 6 scrolls of remove curse
 y - 5 scrolls of amnesia
 z - 5 scrolls of blinking
 H - 2 scrolls of immolation
 M - 3 scrolls of fog
 T - 3 scrolls of teleportation {unknown}
 V - 3 scrolls of silence {unknown}
Potions
 e - 9 potions of curing
 f - 2 potions of invisibility
 h - 2 potions of magic
 j - a potion of ambrosia
 p - 3 potions of flight
 q - 4 potions of agility
 r - a potion of experience
 s - a potion of lignification
 A - 2 potions of heal wounds
 D - 4 potions of brilliance
 G - 3 potions of cancellation
 J - 5 potions of might
 R - a potion of berserk rage
Miscellaneous
 Y - a lightning rod (inert)
Comestibles
 d - 6 rations


   Skills:
 + Level 8.7 Fighting
 + Level 7.3 Short Blades
 + Level 8.7 Long Blades
 + Level 7.3 Axes
 + Level 7.3 Maces & Flails
 + Level 7.3 Polearms
 + Level 7.3 Staves
 + Level 7.3 Slings
 + Level 7.3 Bows
 + Level 7.3 Crossbows
 + Level 7.3 Throwing
 + Level 7.8 Armour
 + Level 8.7 Dodging
 + Level 7.3 Stealth
 + Level 7.3 Shields
 + Level 7.3 Unarmed Combat
 + Level 8.9 Spellcasting
 + Level 6.0 Conjurations
 + Level 6.0 Hexes
 + Level 8.2 Charms
 + Level 6.0 Summonings
 + Level 6.0 Necromancy
 + Level 6.0 Translocations
 + Level 6.0 Transmutations
 + Level 6.0 Fire Magic
 + Level 6.0 Ice Magic
 + Level 6.0 Air Magic
 + Level 6.0 Earth Magic
 + Level 6.0 Poison Magic
 + Level 8.0 Invocations
 + Level 7.3 Evocations


You had 17 spell levels left.
You knew the following spells:

 Your Spells              Type           Power        Failure   Level  Hunger
a - Infusion              Chrm           ####         1%          1    None
b - Shroud of Golubria    Chrm/Tloc      #####.....   1%          2    None
c - Song of Slaying       Chrm           #####...     1%          2    None
d - Regeneration          Chrm/Necr      #####.....   1%          3    None
e - Spectral Weapon       Hex/Chrm       #####...     1%          3    None

Your spell library contained the following spells:

 Spells                   Type           Power        Failure   Level  Hunger
 Beastly Appendage        Tmut           ####..       1%          1    None
 Sticks to Snakes         Tmut           ####....     1%          2    None
 Spider Form              Tmut/Pois      ####......   1%          3    None
 Ice Form                 Ice/Tmut       ####....     6%          4    ###....
 Blade Hands              Tmut           ####......   19%         5    #####..


Dungeon Overview and Level Annotations

Branches:
Dungeon (12/15)            Temple (1/1) D:6            Lair (1/6) D:11
    Orc (0/2) D:9

Altars:
Cheibriados
Fedhas
Hepliaklqana
Okawaru
Qazlal
Ru
Trog
The Shining One

Shops:
D:5 [   D:7 }

Portals:
Trove: D:10 (give 8 potions of haste)

Annotations:
D:10 3 runed translucent doors, Nr616's ghost, journeyman TrMo


Innate Abilities, Weirdness & Mutations

Your experience applies equally to all skills.
You have very sharp teeth.
Your uncanny sense of smell can sniff out nearby items.


Message History

The stone arrow hits your spectral weapon!!
Your spectral weapon shares its damage with you!
Your spectral weapon fades away.
* * * LOW HITPOINT WARNING * * *
You slice the gargoyle!!
You destroy the gargoyle!
Okawaru accepts your kill.
You slash the alligator skeleton!
The alligator skeleton is moderately damaged.
In the distance, the volcano erupts with a roar.
The alligator skeleton bites you!!
* * * LOW HITPOINT WARNING * * *
The alligator skeleton tail-slaps you.
* * * LOW HITPOINT WARNING * * *
You slice the alligator skeleton!!
The alligator skeleton is heavily damaged.
The alligator skeleton bites you!
* * * LOW HITPOINT WARNING * * *
The alligator skeleton tail-slaps you.
You die...

#. ## #. #≈≈≈ # #. #≈§≈≈
#.##.# ##≈≈≈≈§≈≈§≈≈° #
..... ###≈≈§≈≈§§§§≈°≈ ...
... ##.#..§≈≈≈≈§§≈≈≈
#.#..#.###.≈...§≈≈≈≈≈§§≈≈
#.....ZZ@.....≈§≈≈≈≈≈≈§≈§
#.#..#9###.≈.....≈≈≈§§§§≈
... ... ##.#......≈≈≈§≈≈
# ..... #####........≈≈
##.∩.# ##.......°≈ #...
####.....° #### ###....
##... ####


You could see a gargoyle, an alligator skeleton and a spriggan skeleton.

Vanquished Creatures
  Josephine (D:11)
  A centaur warrior (D:11)
  Harold (D:8)
  A death yak (D:10)
  2 unseen horrors (D:11)
  Pikel (D:4)
  Joseph (D:8)
  A black mamba (Lair:1)
  2 gargoyles (Volcano)
  A spiny frog (Lair:1)
  2 centaur skeletons
  2 guardian mummies (D:10)
  4 polar bears
  Prince Ribbit (D:8)
  2 harpy skeletons (Volcano)
  3 hippogriffs
  2 flying skulls (Volcano)
  Sigmund (D:5)
  An alligator skeleton (Volcano)
  6 wraiths
  A centaur simulacrum (D:10)
  5 yaks
  A wyvern (Lair:1)
  A hungry ghost (D:10)
  Menkaure (D:5)
  2 wargs (D:9)
  A water moccasin (D:9)
  2 hell hounds (Lair:1)
  4 orc warriors
  4 slaves (D:4)
  2 black bears
  6 ice beasts
  2 phantoms
  3 sky beasts
  A wolf (D:10)
  4 ogres
  A necrophage (D:7)
  14 centaurs
  A big kobold (D:11)
  Blork the orc (D:6)
  5 bullfrogs
  A gnoll sergeant (D:9)
  4 scorpions
  9 wights
  10 killer bees
  A spriggan skeleton (Volcano)
  3 electric eels (D:10)
  2 howler monkeys
  4 centaur zombies
  A crimson imp (D:10)
  3 bullfrog zombies
  3 human zombies (Ossuary)
  3 orc priests
  5 hounds
  2 jellies
  4 bullfrog skeletons
  7 orc wizards
  An iguana (D:5)
  8 worker ants
  Natasha (thrice) (D:2)
  2 big kobold zombies (Ossuary)
  A hound zombie (D:9)
  2 hound skeletons
  3 mummies (Ossuary)
  A worker ant zombie (D:11)
  Robin (D:2)
  13 gnolls
  6 adders
  3 scorpion zombies (Ossuary)
  2 shadow imps (D:8)
  2 ufetubi (D:10)
  An ooze (D:3)
  An adder zombie (D:7)
  An adder skeleton (D:4)
  4 worms
  A dart slug (D:1)
  7 leopard geckos
  19 orcs
  A ball python (D:3)
  6 giant cockroaches
  3 gnoll zombies (Ossuary)
  23 goblins
  7 hobgoblins
  6 jackals
  4 quokkas
  9 bats
  8 frilled lizards
  A goblin zombie (Ossuary)
  12 kobolds
  A kobold zombie (Ossuary)
  An orc zombie (Ossuary)
  A quokka skeleton (D:7)
  A quokka zombie (D:8)
  20 rats
346 creatures vanquished.

Vanquished Creatures (others)
  A spectral weapon (Volcano)
1 creature vanquished.

Grand Total: 347 creatures vanquished

Notes
Turn   | Place    | Note
-------+----------+-------------------------------------------
     0 | D:1      | vishdafish the Gnoll Skald began the quest for the Orb.
     0 | D:1      | Reached XP level 1. HP: 20/20 MP: 6/6
   232 | D:1      | Reached XP level 2. HP: 19/26 MP: 2/7
   753 | D:1      | Reached XP level 3. HP: 31/31 MP: 9/9
   804 | D:1      | Reached skill level 5 in Spellcasting
   881 | D:2      | Noticed Natasha
  1190 | D:1      | Learned a level 2 spell: Shroud of Golubria
  1196 | D:2      | Killed Natasha
  1196 | D:2      | Reached skill level 1 in Short Blades
  1196 | D:2      | Reached skill level 1 in Axes
  1196 | D:2      | Reached skill level 1 in Maces & Flails
  1196 | D:2      | Reached skill level 1 in Polearms
  1196 | D:2      | Reached skill level 1 in Staves
  1196 | D:2      | Reached skill level 1 in Slings
  1196 | D:2      | Reached skill level 1 in Bows
  1196 | D:2      | Reached skill level 1 in Crossbows
  1196 | D:2      | Reached skill level 1 in Throwing
  1196 | D:2      | Reached skill level 1 in Stealth
  1196 | D:2      | Reached skill level 1 in Shields
  1196 | D:2      | Reached skill level 1 in Unarmed Combat
  1196 | D:2      | Reached skill level 1 in Invocations
  1196 | D:2      | Reached skill level 1 in Evocations
  1196 | D:2      | Reached XP level 4. HP: 33/38 MP: 4/11
  1201 | D:2      | Learned a level 2 spell: Song of Slaying
  1529 | D:2      | Noticed Robin
  1532 | D:2      | Noticed Natasha
  1541 | D:2      | Reached skill level 1 in Conjurations
  1541 | D:2      | Reached skill level 1 in Hexes
  1541 | D:2      | Reached skill level 1 in Summonings
  1541 | D:2      | Reached skill level 1 in Necromancy
  1541 | D:2      | Reached skill level 1 in Translocations
  1541 | D:2      | Reached skill level 1 in Transmutations
  1541 | D:2      | Reached skill level 1 in Fire Magic
  1541 | D:2      | Reached skill level 1 in Ice Magic
  1541 | D:2      | Reached skill level 1 in Air Magic
  1541 | D:2      | Reached skill level 1 in Earth Magic
  1541 | D:2      | Reached skill level 1 in Poison Magic
  1545 | D:2      | Killed Natasha
  1545 | D:2      | Reached XP level 5. HP: 35/43 MP: 3/12
  1549 | D:2      | Killed Robin
  1674 | D:2      | Noticed Natasha
  1684 | D:2      | Killed Natasha
  1758 | D:2      | Found a hazy altar of Hepliaklqana.
  2392 | D:3      | Reached XP level 6. HP: 47/50 MP: 1/13
  3185 | D:4      | Reached skill level 5 in Fighting
  3185 | D:4      | Reached skill level 5 in Long Blades
  3185 | D:4      | Reached skill level 5 in Dodging
  3213 | D:4      | Noticed a slave
  3213 | D:4      | Noticed Pikel
  3214 | D:4      | Noticed a slave
  3215 | D:4      | Noticed a slave
  3215 | D:4      | Noticed a slave
  3284 | D:4      | Killed a slave
  3293 | D:4      | Killed a slave
  3906 | D:4      | Found a glowing golden altar of the Shining One.
  3937 | D:4      | Killed a slave
  3940 | D:4      | Killed a slave
  3943 | D:4      | Killed Pikel
  3943 | D:4      | Reached XP level 7. HP: 38/56 MP: 9/15
  3943 | D:4      | Reached XP level 8. HP: 43/63 MP: 9/16
  4222 | D:5      | Entered Level 5 of the Dungeon
  4243 | D:5      | Noticed Menkaure
  4255 | D:5      | Killed Menkaure
  5599 | D:5      | Found Korri's Antique Armour Shoppe.
  5651 | D:5      | Noticed Sigmund
  5669 | D:5      | Killed Sigmund
  5803 | D:6      | Noticed Blork the orc
  5816 | D:6      | Killed Blork the orc
  5816 | D:6      | Reached XP level 9. HP: 63/69 MP: 15/18
  6273 | D:6      | Found a staircase to the Ecumenical Temple.
  6436 | D:7      | Found a sand-covered staircase.
  6441 | Ossuary  | Entered an ossuary
  7176 | D:7      | Found Feipiteh's Gadget Emporium.
  7195 | D:7      | Bought a wand of paralysis (12) for 140 gold pieces
  7211 | D:7      | Reached skill level 5 in Armour
  7487 | D:7      | Reached skill level 5 in Invocations
  7805 | D:8      | Noticed Joseph
  7832 | D:8      | Killed Joseph
  7832 | D:8      | Reached XP level 10. HP: 31/77 MP: 14/20
  8443 | D:8      | Noticed Prince Ribbit
  8447 | D:8      | Killed Prince Ribbit
  8452 | D:8      | Reached skill level 5 in Short Blades
  8452 | D:8      | Reached skill level 5 in Axes
  8452 | D:8      | Reached skill level 5 in Maces & Flails
  8452 | D:8      | Reached skill level 5 in Polearms
  8452 | D:8      | Reached skill level 5 in Staves
  8452 | D:8      | Reached skill level 5 in Slings
  8452 | D:8      | Reached skill level 5 in Bows
  8452 | D:8      | Reached skill level 5 in Crossbows
  8452 | D:8      | Reached skill level 5 in Throwing
  8452 | D:8      | Reached skill level 5 in Stealth
  8452 | D:8      | Reached skill level 5 in Shields
  8452 | D:8      | Reached skill level 5 in Unarmed Combat
  8452 | D:8      | Reached skill level 5 in Evocations
  9054 | D:8      | Noticed Harold
  9058 | D:8      | Killed Harold
  9738 | Temple   | Entered the Ecumenical Temple
  9743 | Temple   | Became a worshipper of Warmaster Okawaru
 10190 | D:9      | Reached XP level 11. HP: 65/84 MP: 22/22
 10476 | D:9      | Reached * piety under Okawaru
 10633 | D:9      | Found a staircase to the Orcish Mines.
 11247 | D:10     | Entered Level 10 of the Dungeon
 11247 | D:10     | Noticed a death yak
 11258 | D:10     | Killed a death yak
 11402 | D:10     | Reached skill level 5 in Conjurations
 11402 | D:10     | Reached skill level 5 in Hexes
 11402 | D:10     | Reached skill level 5 in Summonings
 11402 | D:10     | Reached skill level 5 in Necromancy
 11402 | D:10     | Reached skill level 5 in Translocations
 11402 | D:10     | Reached skill level 5 in Transmutations
 11402 | D:10     | Reached skill level 5 in Fire Magic
 11402 | D:10     | Reached skill level 5 in Ice Magic
 11402 | D:10     | Reached skill level 5 in Air Magic
 11402 | D:10     | Reached skill level 5 in Earth Magic
 11402 | D:10     | Reached skill level 5 in Poison Magic
 11413 | D:10     | Found a portal to a secret trove of treasure.
 11420 | D:10     | Reached ** piety under Okawaru
 12036 | D:10     | Found a runed translucent gate.
 12036 | D:10     | Found a runed translucent gate.
 12036 | D:10     | Found a runed translucent gate.
 12113 | D:10     | Reached *** piety under Okawaru
 12576 | D:10     | Noticed Josephine
 12605 | D:11     | Killed an unseen horror
 13119 | D:11     | Killed Josephine
 13119 | D:11     | Reached **** piety under Okawaru
 13119 | D:11     | Received a gift from Okawaru
 13659 | D:10     | Noticed Nr616's ghost (journeyman TrMo)
 13717 | D:11     | Reached XP level 12. HP: 46/93 MP: 24/24
 13887 | D:11     | Found a blossoming altar of Fedhas.
 13933 | D:11     | Noticed a centaur warrior
 13944 | D:11     | Killed a centaur warrior
 14274 | D:11     | Found a staircase to the Lair.
 14423 | D:11     | HP: 1/94 [something (9)]
 14429 | D:11     | HP: 3/94 [something (11)]
 15258 | Lair:1   | Entered Level 1 of the Lair of Beasts
 15278 | Lair:1   | Received a gift from Okawaru
 15531 | Lair:1   | Learned a level 3 spell: Regeneration
 15535 | Lair:1   | Learned a level 3 spell: Spectral Weapon
 15563 | Lair:1   | Found a dark tunnel.
 15597 | Volcano  | Entered a volcano
 15659 | Volcano  | Reached ***** piety under Okawaru
 15679 | Volcano  | HP: 3/141 [alligator skeleton (10)]
 15679 | Volcano  | Slain by an alligator skeleton

Skill      XL: |  1  2  3  4  5  6  7  8  9 10 11 12 |
---------------+-------------------------------------+-----
Spellcasting   | 5 6 7 8 |  8.9
Short Blades   | 1 2 3 4 5 6 7 |  7.3
Axes           | 1 2 3 4 5 6 7 |  7.3
Maces & Flails | 1 2 3 4 5 6 7 |  7.3
Polearms       | 1 2 3 4 5 6 7 |  7.3
Staves         | 1 2 3 4 5 6 7 |  7.3
Slings         | 1 2 3 4 5 6 7 |  7.3
Bows           | 1 2 3 4 5 6 7 |  7.3
Crossbows      | 1 2 3 4 5 6 7 |  7.3
Throwing       | 1 2 3 4 5 6 7 |  7.3
Stealth        | 1 2 3 4 5 6 7 |  7.3
Shields        | 1 2 3 4 5 6 7 |  7.3
Unarmed Combat | 1 2 3 4 5 6 7 |  7.3
Invocations    | 1 3 4 5 6 7 8 |  8.0
Evocations     | 1 2 3 4 5 6 7 |  7.3
Conjurations   | 1 2 3 4 5 6 |  6.0
Hexes          | 1 2 3 4 5 6 |  6.0
Summonings     | 1 2 3 4 5 6 |  6.0
Necromancy     | 1 2 3 4 5 6 |  6.0
Translocations | 1 2 3 4 5 6 |  6.0
Transmutations | 1 2 3 4 5 6 |  6.0
Fire Magic     | 1 2 3 4 5 6 |  6.0
Ice Magic      | 1 2 3 4 5 6 |  6.0
Air Magic      | 1 2 3 4 5 6 |  6.0
Earth Magic    | 1 2 3 4 5 6 |  6.0
Poison Magic   | 1 2 3 4 5 6 |  6.0
Armour         | 3 4 5 6 7 |  7.8
Fighting       | 5 6 7 8 |  8.7
Long Blades    | 5 6 7 8 |  8.7
Dodging        | 5 6 7 8 |  8.7
Charms         | 6 7 8 |  8.2

Action                   |  1- 3 |  4- 6 |  7- 9 | 10-12 || total
-------------------------+-------+-------+-------+-------++-------
Melee: Falchion          |    81 |   200 |   110 |       ||   391
       Bite              |     7 |    21 |    37 |    58 ||   123
       Punch             |       |     2 |     3 |       ||     5
       Rapier            |       |    15 |    53 |       ||    68
       Scythe            |       |       |   168 |   503 ||   671
 Fire: Shortbow          |       |       |       |    88 ||    88
Throw: Tomahawk          |       |     5 |     3 |    11 ||    19
       Javelin           |       |       |       |     9 ||     9
       Throwing net      |       |       |       |     3 ||     3
 Cast: Infusion          |     5 |    13 |    13 |    12 ||    43
       Song of Slaying   |       |     4 |     5 |    10 ||    19
       Shroud of Golubri |       |     3 |     5 |     7 ||    15
       Regeneration      |       |       |       |     2 ||     2
       Spectral Weapon   |       |       |       |     2 ||     2
Invok: Heroism           |       |       |       |     2 ||     2
 Abil: Evoke Berserk Rag |       |       |       |     4 ||     4
Evoke: Wand              |       |     3 |     4 |    22 ||    29
       Lightning rod     |       |       |       |    11 ||    11
  Use: Scroll            |       |     7 |     9 |     9 ||    25
       Potion            |       |       |     1 |    14 ||    15
 Stab: Sleeping          |       |     3 |     8 |     8 ||    19
       Distracted        |       |       |     1 |     1 ||     2
       Paralysed         |       |       |       |    25 ||    25
       Confused          |       |       |       |     1 ||     1
       Held in net/web   |       |       |       |     1 ||     1
  Eat: Chunk             |       |     6 |     6 |    14 ||    26
       Ration            |       |     1 |     2 |     8 ||    11
Armor: Leather armour    |    16 |     7 |       |       ||    23
       Animal skin       |       |    33 |    20 |       ||    53
       Robe              |       |       |    47 |   140 ||   187
Dodge: Dodged            |    62 |   174 |   378 |   889 ||  1503
       Rpst.: Falchion   |    24 |    55 |    24 |       ||   103
